cohdb
Replays
Latest Replays
All Replays
Popular Replays
Top Player Replays
Match Explorer
How It Works
Community
CoH3 Stats
Reddit
Sign in to upload your games and track your stats! →
Sign in with Steam
Match 38337299
Unlisted
Match 38337299
Overview
Messages
Build Orders
End
Pioneer Squad
Construct Infanterie Kompanie
Grenadier Squad
Grenadier Squad
GrW 34 Mortar Team
MG 42 Machine Gun Team
Construct Panzergrenadier Kompanie
Panzergrenadier Squad
Panzergrenadier Squad
Medical Bunker
Pak 40 Anti-tank Gun Team
Selects Mechanized Battlegroup
Selects Raid Package
Selects StuG Assault Group
StuG Assault Group
Panzergrenadier Officer Quarters
Pak 40 Anti-tank Gun Team
Construct Panzer Kompanie
Medical Bunker
Selects UNKNOWN (2160084)
Selects Spotting Scopes
Selects Wespe Self-propelled Artillery
Panzer IV Medium Tank
vonMises
Mael Radec
Rogozilla
Martinez
0
0
Comments
sign in to comment!
No comments posted yet!